 Dungeon Crawl Stone Soup version 0.26-a0-649-gf8c6c3aab7 (webtiles) character file.

Game seed: 5056339285244919307

1351 DogServant the Ducker (level 8, -3/49 HPs)
             Began as a Tengu Gladiator on Sept 26, 2020.
             Was an Initiate of Cheibriados.
             Killed by divine providence
             ... invoked by an orc priest
              (12 damage)
             ... on level 6 of the Dungeon.
             The game lasted 00:09:35 (6489 turns).

DogServant the Ducker (Tengu Gladiator)             Turns: 6489, Time: 00:09:35

Health: -3/49      AC:  3    Str: 16    XL:     8   Next: 63%
Magic:  15/18      EV: 19    Int: 10    God:    Cheibriados [......]
Gold:   148        SH:  0    Dex: 25    Spells: 7/7 levels left

rFire    . . .     SeeInvis .   s - +7 spear "Weqeiwuw" {pain, rN+ MR- MP+9 Dex+7}
rCold    . . .     Faith    .   (no shield)
rNeg     + . .     Spirit   .   b - +0 leather armour
rPois    .         Reflect  .   c - +0 hat
rElec    .         Harm     .   (no cloak)
rCorr    .         Rampage  .   (no gloves)
MR       .....                  (boots unavailable)
Stlth    ++........             (no amulet)
HPRegen  0.16/turn              (no ring)
MPRegen  0.16/turn              (no ring)

@: very slow
A: beak, talons 3, able to fly
a: Fly, Bend Time, Renounce Religion


You were on level 6 of the Dungeon.
You worshipped Cheibriados.
Cheibriados was noncommittal.
You visited 2 branches of the dungeon, and saw 7 of its levels.

You collected 248 gold pieces.
You spent 100 gold pieces at shops.

Inventory:

Hand Weapons
 a - a +0 long sword
 s - the +7 spear "Weqeiwuw" (weapon) {pain, rN+ MR- MP+9 Dex+7}
   (You found it on level 4 of the Dungeon)

   In the hands of one skilled in necromantic magic, it inflicts extra damage on
   living creatures.
   It affects your dexterity (+7).
   It protects you from negative energy.
   It affects your resistance to hostile enchantments.
   It affects your magic capacity (+9).
Missiles
 d - 2 throwing nets
 l - 11 poisoned darts (quivered)
Armour
 b - a +0 leather armour (worn)
 c - a +0 hat (worn)
 u - a +0 buckler
Wands
 x - a wand of flame (18)
 y - a wand of enslavement (5)
Scrolls
 e - 2 scrolls of identify
 g - 6 scrolls of teleportation {unknown}
 i - a scroll of magic mapping {unknown}
 j - a scroll of blinking {unknown}
 k - a scroll of amnesia {unknown}
 m - a scroll of fog {unknown}
 o - a scroll of enchant weapon {unknown}
 t - 2 scrolls of remove curse {unknown}
 v - a scroll of enchant armour {unknown}
Potions
 f - 2 potions of degeneration
 h - 2 potions of haste
 n - a potion of resistance
 p - a potion of might {unknown}
 q - a potion of invisibility {unknown}
 r - 3 potions of heal wounds
 w - 2 potions of curing {unknown}


   Skills:
 + Level 5.3 Fighting
 - Level 5.0 Long Blades
 + Level 5.0 Polearms
 - Level 3.4 Throwing
 + Level 1.1 Armour
 + Level 7.2 Dodging


You had 7 spell levels left.
You didn't know any spells.
Your spell library contained the following spells:

 Spells                   Type           Power        Failure   Level
 Confusing Touch          Hex            #.......     80%         3
 Gell's Gravitas          Tloc           #.........   80%         3
 Petrify                  Tmut/Erth      #.......     99%         4
 Metabolic Englaciation   Hex/Ice        #.........   100%        5
 Yara's Violent Unravell  Hex/Tmut       #.........   100%        5


Dungeon Overview and Level Annotations

Branches:
Dungeon (6/15)             Temple (1/1) D:4

Altars:
Ashenzari
Cheibriados
Elyvilon
Fedhas
Gozag
Okawaru
Qazlal
Ru
Sif Muna
Trog
Uskayaw
Wu Jian
Xom
Yredelemnul
The Shining One
Lugonu

Shops:
D:4 !

Annotations:
D:4 2 transporters


Innate Abilities, Weirdness & Mutations

You have a beak for a mouth.
You have claws for feet.
You can fly continuously.


Message History

Beogh smites you!
The orc warrior shouts!
You hear a shout!
Found a scroll of identify.
An orc priest comes into view. It is wielding a +0 club.
The orc shouts!
The orc priest mumbles some strange prayers to Beogh against you.
Pain shoots through your body!
The orc priest invokes the aid of Beogh against you.
Beogh smites you! The orc priest closely misses you.
You are too injured to fight recklessly!
You are too injured to fight recklessly!
You are too injured to fight recklessly!
The flow of time bends around you.
The orc priest invokes the aid of Beogh against you.
Beogh smites you!
* * * LOW HITPOINT WARNING * * *
You see here a ring mail.
The orc priest invokes the aid of Beogh against you.
Beogh smites you!
You die...

#<............###
##..........#.#
#.#####...##.# #.#
##.###.###.#.# # #.# ###
#.......#
#.####.##########.###.###
#.................#
.....o........#.#
##.##..####@###.#.#
..?....o.o[.# #.#.#
.#.##.o###..# #.#.# .....
#..# #.#.. ....... #..#
#.#.. ..###.# #..# #.#..
. .. .... ... #.# #..##
.. #...


You could see an orc warrior, 2 orc priests and an orc.

Vanquished Creatures
  Pikel (D:5)
  A water moccasin (D:5)
  4 lemures
  A big kobold (D:4)
  2 scorpions
  4 crimson imps (D:5)
  A bullfrog skeleton (D:4)
  2 orc priests (D:4)
  2 orc wizards
  Jessica (D:3)
  An iguana (D:5)
  2 worker ants
  A hound skeleton (D:4)
  Robin (D:4)
  3 gnolls (D:3)
  6 adders
  A white imp (D:2)
  An ufetubus (D:5)
  2 oozes
  An adder zombie (D:6)
  2 worms
  4 dart slugs
  3 leopard geckos
  20 orcs
  3 giant cockroaches
  15 goblins
  7 hobgoblins
  6 jackals (D:1)
  5 kobolds
  4 quokkas
  7 bats
  A frilled lizard (D:3)
  A leopard gecko skeleton (D:2)
  A quokka skeleton (D:5)
  5 rats
122 creatures vanquished.

Vanquished Creatures (others)
  A fungus (D:5)
1 creature vanquished.

Grand Total: 123 creatures vanquished

Notes
Turn   | Place    | Note
-------+----------+-------------------------------------------
     0 | D:1      | DogServant the Tengu Gladiator began the quest for the Orb.
     0 | D:1      | Reached XP level 1. HP: 12/12 MP: 2/2
    68 | D:1      | Reached XP level 2. HP: 4/17 MP: 3/3
   873 | D:1      | Reached XP level 3. HP: 19/21 MP: 4/4
  1556 | D:2      | Found a broken altar of Ashenzari.
  1724 | D:2      | Reached skill level 4 in Dodging
  1784 | D:2      | Reached XP level 4. HP: 26/26 MP: 5/5
  2120 | D:3      | Noticed a +0 hand axe
  2120 | D:3      | Noticed a +0 dagger
  2121 | D:3      | Found a hide-covered altar of Uskayaw.
  2177 | D:3      | Gained mutation: You can fly continuously. [Tengu growth]
  2177 | D:3      | Reached XP level 5. HP: 3/30 MP: 6/6
  2728 | D:3      | Noticed Jessica
  2731 | D:3      | Killed Jessica
  3572 | D:4      | Found a transporter.
  4015 | D:3      | Reached skill level 5 in Long Blades
  4015 | D:3      | Reached skill level 5 in Dodging
  4015 | D:3      | Reached XP level 6. HP: 15/36 MP: 7/7
  4348 | D:4      | Noticed a fire bat
  4356 | D:4      | Got a twisted spear
  4360 | D:4      | Identified the +7 spear "Weqeiwuw" {pain, rN+ MR- MP+9
                  | Dex+7} (You found it on level 4 of the Dungeon)
  4426 | D:4      | Found a staircase to the Ecumenical Temple.
  4437 | Temple   | Entered the Ecumenical Temple
  4523 | D:4      | Noticed Robin
  4533 | D:4      | Killed Robin
  4591 | D:4      | Found a transporter.
  4713 | D:4      | Reached skill level 1 in Polearms
  4870 | D:4      | Found Aprunt's Distillery.
  4873 | D:4      | Bought a potion of heal wounds for 50 gold pieces
  4873 | D:4      | Bought a potion of heal wounds for 50 gold pieces
  4925 | D:4      | Reached XP level 7. HP: 36/41 MP: 8/8
  4966 | D:4      | Found a sacrificial altar of Ru.
  5239 | D:4      | Noticed a fire bat
  5251 | D:5      | Entered Level 5 of the Dungeon
  5667 | D:5      | Found a shimmering altar of Xom.
  5698 | D:5      | Reached skill level 6 in Dodging
  6014 | D:5      | Noticed Pikel
  6024 | D:5      | Killed Pikel
  6024 | D:5      | Reached skill level 5 in Fighting
  6024 | D:5      | Reached skill level 7 in Dodging
  6024 | D:5      | Reached XP level 8. HP: 29/49 MP: 9/9
  6180 | D:5      | Reached skill level 1 in Armour
  6319 | D:5      | Reached skill level 5 in Polearms
  6418 | D:5      | Found a basalt altar of Yredelemnul.
  6425 | D:5      | Found a snail-covered altar of Cheibriados.
  6425 | D:5      | Found a shimmering blue altar of Sif Muna.
  6428 | D:5      | Found a glowing golden altar of the Shining One.
  6433 | D:5      | Became a worshipper of Cheibriados the Contemplative
  6489 | D:6      | Killed from afar by an orc priest

Illustrated notes

Levels and vault maps discovered:
D:1:      dpeg_arrival_shrine, layout_basic
D:2:      layout_loops_cross, ashenzari_conservatory_becter
D:3:      layout_loops_ring, dancing_weapons_uskayaw, uniq_jessica
D:4:      gammafunk_cloud_chamber, layout_basic,
          nicolae_ru_sacrificial_ziggurat, minmay_temple_entry_large_hall,
          serial_shops, nicolae_shop_crystal, uniq_robin
D:5:      layout_loops_ring, led_xom_imps, minitemple, uniq_pikel,
          uniq_crazy_yiuf_cottage
D:6:      layout_loops_ring, vehumet_statue, columned_hall_lemuel
Temple:   corrupted_temple

Skill      XL: |  1  2  3  4  5  6  7  8 |
---------------+-------------------------+-----
Long Blades    | 4 5 |  5.0
Dodging        | 4 5 7 |  7.2
Throwing       | 3 |  3.4
Polearms       | 2 4 5 |  5.0
Fighting       | 3 5 |  5.3
Armour         | 1 |  1.1

Action                   |  1- 3 |  4- 6 |  7- 9 || total
-------------------------+-------+-------+-------++-------
Melee: Long sword        |    69 |    73 |       ||   142
       Kick              |    22 |    39 |    39 ||   100
       Peck              |    12 |    20 |    30 ||    62
       Spear             |       |    39 |   114 ||   153
Throw: Dart              |       |    21 |       ||    21
       Throwing net      |       |     3 |       ||     3
Invok: Bend Time         |       |       |     1 ||     1
  Use: Scroll            |       |     2 |       ||     2
       Potion            |       |       |     1 ||     1
 Stab: Sleeping          |     1 |     1 |     4 ||     6
       Held in net/web   |       |     1 |       ||     1
Armor: Leather armour    |    22 |    15 |    11 ||    48
Dodge: Dodged            |    59 |    57 |    71 ||   187
       Rpst.: Long sword |    22 |    10 |       ||    32

Table legend: (Time is in decaauts)
 A = Elapsed time spent in this place.
 B = Non-inter-level travel time spent in this place.
 C = Inter-level travel time spent in this place.
 D = Time resting spent in this place.
 E = Time spent auto-exploring this place.
 F = Levels seen in this place.
 G = Mean time per level.
                   A        B        C        D        E       F      G
               +--------+--------+--------+--------+--------+-----+--------+
         Total |   6525 |   6370 |    155 |   2186 |   3425 |   7 |  932.1 |
       Dungeon |   6472 |   6330 |    142 |   2186 |   3400 |   6 | 1078.7 |
        Temple |     52 |     39 |     13 |      0 |     25 |   1 |   52.0 |
               +--------+--------+--------+--------+--------+-----+--------+

Top non-repeatable levels by time:
     D:3: 2183 daAuts
     D:4: 1230 daAuts
     D:1: 1143 daAuts
     D:2: 992 daAuts
     D:5: 880 daAuts
  Temple: 52 daAuts
     D:6: 42 daAuts
